 Dungeon Crawl Stone Soup version 0.30-a0-122-g2a1322497e (webtiles) character file.

Game seed: 15402458745530340188

1222043 iguanaiguana the Invulnerable (level 27, 0/300 HPs)
             Began as a Minotaur Fighter on Sept 13, 2022.
             Was the Champion of the Shining One.
             Slain by a death scarab (20 damage)
             ... on level 3 of the Tomb of the Ancients on Sept 16, 2022.
             The game lasted 06:26:48 (120430 turns).

iguanaiguana the Invulnerable (Minotaur Fighter)  Turns: 120430, Time: 06:26:49

Health: 0/300      AC: 42    Str: 33      XL:     27
Magic:  38/38      EV: 13    Int:  7      God:    the Shining One [******]
Gold:   12757      SH:  0    Dex:  8 (10) Spells: 8/44 levels left

rFire   + + +      SeeInvis +    b - +9 bardiche (holy)
rCold   + + .      Faith    .    (shield currently unavailable)
rNeg    + + +      Spirit   .    P - +3 gold dragon scales
rPois   +          Reflect  .    (helmet restricted)
rElec   +          Harm     .    D - +2 cloak {rCorr}
rCorr   +          Rampage  .    F - +2 pair of gloves {Stlth+}
Will    ++...                    B - +2 pair of boots {Fly}
Stlth   ..........               g - amulet "Qaih Inn" {RegenMP rElec rN+ Str+4}
HPRegen 0.60/turn                w - ring of Toehe {Fire Will++ rCorr Int-2 SInv}
MPRegen 0.66/turn                x - ring of Qeippuamp {rF+ rC+ rN+ Stlth+}

@: mighty, brilliant, lethally poisoned (0 -> -16), resistant, weak-willed,
marked, flayed, flying, hasted and slowed, glowing, studying 3 skills
A: horns 2, retaliatory headbutt, clumsy 1, strong-willed 1, sense surroundings
1, robust 1
}: 14/15 runes: barnacled, slimy, silver, golden, obsidian, icy, bone, abyssal,
demonic, glowing, magical, fiery, dark, gossamer
a: Renounce Religion, Divine Shield, Cleansing Flame, Summon Divine Warrior


You were on level 3 of the Tomb of the Ancients.
You worshipped the Shining One.
The Shining One was exalted by your worship.
You visited 17 branches of the dungeon, and saw 80 of its levels.
You visited Pandemonium 3 times, and saw 12 of its levels.
You visited the Abyss 5 times.
You visited 1 bazaar.
You visited 1 ziggurat, and saw 10 of its levels.
You also visited: Trove, Sewer, Ossuary, Bailey and Ice Cave.

You collected 16030 gold pieces.
You spent 3273 gold pieces at shops.

Inventory:

Hand Weapons
 a - the +18 lance "Wyrmbane" {slay drac, rPois rF+ rC+ AC+3}
   (You took it off Maggie on level 6 of the Dungeon)

   It inflicts extra damage against dragons and draconians.
   AC:        It affects your AC (+3).
   rF:        It protects you from fire.
   rC:        It protects you from cold.
   rPois:     It protects you from poison.
 b - a +9 bardiche of holy wrath (weapon)
 o - the +10 zealot's sword {holy, *Rage rN+ EV+3}
   (You found it on level 7 of Gehenna)

   It has been blessed by the Shining One to cause great damage to the undead
   and demons.
   Whenever the wielder enters a berserk rage, their allies are berserked
   alongside them.
   EV:        It affects your evasion (+3).
   rN:        It protects you from negative energy.
   *Rage:     It berserks you when you make melee attacks (+20% chance).
Missiles
 G - 4 curare-tipped darts
 M - 13 boomerangs (quivered)
 O - 19 silver javelins
 W - 27 javelins
 X - 3 throwing nets
Armour
 B - a +2 pair of boots of flying (worn)
 D - a +2 cloak of preservation (worn)
 F - a +2 pair of gloves of stealth (worn)
 P - +3 gold dragon scales (worn)
 U - a +2 hat
Jewellery
 g - the amulet "Qaih Inn" (around neck) {RegenMP rElec rN+ Str+4}
   (You took it off a mummy priest on level 3 of the Crypt)

   [amulet of magic regeneration]

   It increases your rate of magic regeneration.
   Str:       It affects your strength (+4).
   rElec:     It insulates you from electricity.
   rN:        It protects you from negative energy.
 m - the ring of Cheibriados's Grace {rF+ rC+}
   (You bought it in a shop on level 1 of the Elven Halls)

   [ring of protection from fire]

   rF:        It protects you from fire.
   rC:        It protects you from cold.
 q - the ring of Touhobyr {rCorr Slay+4}
   (You acquired it on level 3 of the Elven Halls)

   [ring of slaying]

   Slay:      It affects your accuracy & damage with ranged weapons and melee
   (+4).
   rCorr:     It protects you from acid and corrosion.
 w - the ring of Toehe (left hand) {Fire Will++ rCorr Int-2 SInv}
   (You found it on level 4 of a ziggurat)

   [ring of fire]

   It enhances your fire magic.
   Int:       It affects your intelligence (-2).
   rF:        It protects you from fire.
   rC:        It makes you vulnerable to cold.
   SInv:      It lets you see invisible.
   rCorr:     It protects you from acid and corrosion.
   Will:      It greatly increases your willpower.
 x - the ring of Qeippuamp (right hand) {rF+ rC+ rN+ Stlth+}
   (You found it in an ice cave)

   [ring of positive energy]

   rF:        It protects you from fire.
   rC:        It protects you from cold.
   rN:        It protects you from negative energy.
   Stlth:     It makes you more stealthy.
 z - the ring "Logol" {Ice +Blink rN+ Slay+3 SInv}
   (You took it off Josephina on level 3 of the Depths)

   [ring of ice]

   It enhances your ice magic.
   Slay:      It affects your accuracy & damage with ranged weapons and melee
   (+3).
   rF:        It makes you vulnerable to fire.
   rC:        It protects you from cold.
   rN:        It protects you from negative energy.
   SInv:      It lets you see invisible.
   +Blink:    It lets you blink.
 K - the macabre finger necklace {rN+}
   (You found it on level 10 of a ziggurat)

   [amulet of nothing]

   It enables you to equip an extra ring.
   rN:        It protects you from negative energy.
 V - the ring "Laas" {Will+ rCorr Int+6}
   (You acquired it on level 5 of the Lair of Beasts)

   [ring of intelligence]

   Int:       It affects your intelligence (+6).
   rCorr:     It protects you from acid and corrosion.
   Will:      It increases your willpower.
Wands
 f - a wand of light (9)
 H - a wand of digging (14) {@v3}
 J - a wand of iceblast (15) {@v2}
 R - a wand of paralysis (44)
Scrolls
 k - 27 scrolls of teleportation {@r3}
 p - 2 scrolls of fear
 s - 10 scrolls of fog
 v - 7 scrolls of silence
 y - 14 scrolls of immolation
 I - 16 scrolls of vulnerability
 S - 2 scrolls of summoning
 Y - 11 scrolls of poison
 Z - 3 scrolls of magic mapping {@r5}
Potions
 d - 9 potions of might {@q3}
 e - 4 potions of haste {@q4}
 h - 3 potions of resistance {@q5}
 i - 13 potions of mutation
 j - 16 potions of heal wounds {@q2}
 n - 11 potions of berserk rage
 r - 36 potions of curing {@q1}
 t - 8 potions of invisibility
 u - 5 potions of magic
 A - 5 potions of brilliance
 C - 14 potions of lignification
 N - 13 potions of ambrosia
 T - 8 potions of cancellation
Miscellaneous
 c - a phial of floods
 l - a phantom mirror
 E - a lightning rod (4/4)
 L - a tin of tremorstones (1/2)
 Q - a box of beasts


   Skills:
 O Level 27 Fighting
 - Level 8.1(19.2) Axes
 - Level 26.6(27) Polearms
 - Level 17.3 Throwing
 O Level 27 Armour
 - Level 20.0 Dodging
 - Level 12.2 Stealth
 - Level 16.3 Shields
 - Level 9.0 Spellcasting
 - Level 11.2 Summonings
 - Level 14.0 Translocations
 + Level 19.8 Earth Magic
 - Level 24.3 Invocations
 - Level 13.6 Evocations


You had 8 spell levels left.
You knew the following spells:

 Your Spells              Type           Power      Damage    Failure   Level
a - Manifold Assault      Tloc           34%        N/A       2%          4
b - Lesser Beckoning      Tloc           34%        N/A       1%          3
c - Animate Armour        Summ/Erth      74%        N/A       1%          4
d - Teleport Other        Tloc           34%        N/A       1%          3
e - Blink                 Tloc           68%        N/A       1%          2
f - Apportation           Tloc           68%        N/A       1%          1
g - Gell's Gravitas       Tloc           34%        N/A       1%          3
h - Summon Forest         Summ/Tloc      15%        N/A       13%         5
i - Dispersal             Tloc           17%        N/A       38%         6
j - Lee's Rapid Deconstr  Erth           23%        3d14*     1%          5

Your spell library contained the following spells:

 Spells                   Type           Power      Damage    Failure   Level
 Sandblast                Erth           92%        2d19      1%          1
 Summon Small Mammal      Summ           100%       N/A       1%          1
 Passwall                 Tmut/Erth      20%        N/A       2%          2
 Call Canine Familiar     Summ           28%        N/A       2%          3
 Stone Arrow              Conj/Erth      50%        3d10      4%          3
 Portal Projectile        Hex/Tloc       38%        N/A       14%         3
 Leda's Liquefaction      Hex/Erth       12%        N/A       14%         4
 Petrify                  Tmut/Erth      25%        N/A       14%         4
 Summon Guardian Golem    Hex/Summ       16%        N/A       26%         3
 Kindle Blastsparks       Fire/Tloc/Air  42%        2d13      36%         3
 Borgnjor's Vile Clutch   Necr/Erth      12%        N/A       36%         5
 Iskenderun's Mystic Bla  Conj/Tloc      19%        2d6       43%         4
 Foxfire                  Conj/Fire      28%        2x1d5     63%         1
 Freeze                   Ice            16%        1d4       63%         1
 Necrotise                Necr           16%        1d4       63%         1
 Shock                    Conj/Air       16%        1d4       63%         1
 Slow                     Hex            16%        N/A       63%         1
 Sting                    Tmut/Pois      16%        1d3       63%         1
 Summon Ice Beast         Ice/Summ       16%        N/A       63%         4
 Summon Lightning Spire   Summ/Air       16%        N/A       63%         4
 Cigotuvi's Dreadful Rot  Necr/Pois/Air  8%         N/A       77%         2
 Ensorcelled Hibernation  Hex/Ice        8%         N/A       77%         2
 Poisonous Vapours        Pois/Air       8%         N/A       77%         2
 Static Discharge         Conj/Air       8%         3-4/arc   77%         2
 Sublimation of Blood     Necr           4%         N/A       77%         2
 Summon Cactus Giant      Summ           14%        N/A       78%         6
 Iron Shot                Conj/Erth      12%        9d3       91%         6
 Statue Form              Tmut/Erth      16%        N/A       91%         6
 Summon Mana Viper        Hex/Summ       16%        N/A       93%         5
 Confusing Touch          Hex            4%         N/A       94%         3
 Dazzling Flash           Conj/Hex       8%         N/A       94%         3
 Frozen Ramparts          Ice            8%         1d2       94%         3
 Ignite Poison            Fire/Tmut/Pois 7%         N/A       94%         3
 Inner Flame              Hex/Fire       7%         N/A       94%         3
 Mephitic Cloud           Conj/Pois/Air  4%         N/A       94%         3
 Ozocubu's Armour         Ice            4%         N/A       94%         3
 Spider Form              Tmut/Pois      4%         N/A       94%         3
 Swiftness                Air            4%         N/A       94%         3
 Vampiric Draining        Necr           4%         2d6       94%         3
 Malign Gateway           Summ/Tloc      15%        N/A       99%         7
 Airstrike                Air            2%         2d(1-17)  100%        4
 Anguish                  Hex/Necr       2%         N/A       100%        4
 Animate Dead             Necr           4%         N/A       100%        4
 Cause Fear               Hex            2%         N/A       100%        4
 Dispel Undead            Necr           4%         3d7       100%        4
 Flame Wave               Conj/Fire      7%         2d5       100%        4
 Hailstorm                Conj/Ice       4%         3d4       100%        4
 Ice Form                 Ice/Tmut       4%         N/A       100%        4
 Olgreb's Toxic Radiance  Pois           4%         N/A       100%        4
 Sticky Flame             Conj/Fire      7%         2d3       100%        4
 Agony                    Necr           4%         N/A       100%        5
 Alistair's Intoxication  Tmut/Pois      2%         N/A       100%        5
 Arcjolt                  Conj/Air       2%         1d12      100%        5
 Blade Hands              Tmut           2%         N/A       100%        5
 Fireball                 Conj/Fire      3%         3d4       100%        5
 Freezing Cloud           Conj/Ice/Air   2%         6-21      100%        5
 Irradiate                Conj/Tmut      2%         3d12      100%        5
 Iskenderun's Battlesphe  Conj           4%         2d6       100%        5
 Lightning Bolt           Conj/Air       2%         1d13      100%        5
 Metabolic Englaciation   Hex/Ice        2%         N/A       100%        5
 Silence                  Hex/Air        2%         N/A       100%        5
 Yara's Violent Unravell  Hex/Tmut       2%         3d3       100%        5
 Conjure Ball Lightning   Conj/Air       2%         3x3d6     100%        6
 Death Channel            Necr           2%         N/A       100%        6
 Eringya's Noxious Bog    Tmut/Pois      2%         N/A       100%        6
 Simulacrum               Ice/Necr       2%         N/A       100%        6
 Starburst                Conj/Fire      3%         6d3       100%        6
 Dragon Form              Tmut           2%         N/A       100%        7
 Haunt                    Necr/Summ      8%         N/A       100%        7
 Monstrous Menagerie      Summ           14%        N/A       100%        7
 Orb of Destruction       Conj           2%         9d5       100%        7
 Ozocubu's Refrigeration  Ice            2%         4d7       100%        7
 Spellforged Servitor     Conj/Summ      8%         N/A       100%        7
 Storm Form               Tmut/Air       2%         N/A       100%        7
 Summon Hydra             Summ           14%        N/A       100%        7
 Borgnjor's Revivificati  Necr           2%         N/A       100%        8
 Discord                  Hex            2%         N/A       100%        8
 Disjunction              Tloc           17%        N/A       100%        8
 Ignition                 Fire           3%         3d4       100%        8
 Infestation              Necr           2%         N/A       100%        8
 Necromutation            Tmut/Necr      2%         N/A       100%        8
 Summon Horrible Things   Summ           14%        N/A       100%        8
 Chain Lightning          Conj/Air       2%         3d2       100%        9
 Death's Door             Necr           2%         N/A       100%        9
 Dragon's Call            Summ           14%        N/A       100%        9
 Fire Storm               Conj/Fire      3%         8d1       100%        9
 Polar Vortex             Ice            2%         N/A       100%        9
 Shatter                  Erth           23%        3d20*     100%        9


Dungeon Overview and Level Annotations

Branches:
Dungeon (15/15) Zot: 22905  Temple (1/1) D:5 Zot: 5752    Lair (5/5) D:10 Zot: 22609
 Shoals (4/4) Lair:3 Zot: 16875  Spider (4/4) Lair:2 Zot: 13362   Slime (5/5) Lair:4 Zot: 25274
    Orc (2/2) D:12 Zot: 9633     Elf (3/3) Orc:2 Zot: 13319  Vaults (5/5) D:13 Zot: 16446
  Crypt (3/3) Vaults:2 Zot: 12539    Tomb (3/3) Crypt:3 Zot: 13903  Depths (4/4) D:15 Zot: 11586
   Hell (visited)             Dis (0/7) Hell            Geh (7/7) Hell Zot: 26075
    Coc (7/7) Hell Zot: 26075     Tar (7/7) Hell Zot: 26075     Zot (4/5) Depths:4 Zot: 18666
  Sewer (visited)         Ossuary (visited)          Bailey (visited)
  IceCv (visited)

Altars:
Ashenzari
Cheibriados
Dithmenos
Elyvilon
Fedhas
Gozag
Hepliaklqana
Kikubaaqudgha
Makhleb
Nemelex Xobeh
Okawaru
Qazlal
Ru
Sif Muna
Trog
Uskayaw
Vehumet
Wu Jian
Xom
Yredelemnul
Zin
The Shining One
Jiyva
Lugonu

Shops:
Orc:2 *::   Elf:1 =[*   Vaults:3 (:   Depths:3 =:=

Portals:
Hell: Depths:1 Depths:2 Depths:3 Depths:4
Abyss: Depths:1 Depths:3
Pandemonium: Depths:2 Depths:4

Annotations:
Depths:1 2 runed translucent doors, Lidodu's ghost, adept DDFi
Tar:7 1 exclusion


Innate Abilities, Weirdness & Mutations

You have a pair of horns on your head.
You reflexively headbutt those who attack you in melee.
You are clumsy. (Dex -2)
You are strong-willed. (Will+)
You passively map a small area around you.
You are robust. (+10% HP)


Message History

Something smites you!
* * * LOW HITPOINT WARNING * * *
The royal mummy calls on the powers of darkness!
The emperor scorpion convulses! x2; Your body is wracked with pain!
* * * LOW HITPOINT WARNING * * *
A royal mummy comes into view.
The ushabti shakes and rattles.
The vile air hits you.
* * * LOW HITPOINT WARNING * * *
A guardian mummy comes into view.
The ushabti shakes and rattles.
The vile air hits the death scarab.
A mummy comes into view.
You pick up the golden rune and feel its power.
You now have 14 runes.
Press } to see all the runes you have collected.
You are engulfed in dark miasma.
* * * LOW HITPOINT WARNING * * *
The royal mummy casts a spell.
The royal mummy gestures at you while chanting.
Something smites you!
* * * LOW HITPOINT WARNING * * *
A mummy comes into view.
The ushabti shakes and rattles.
The death scarab bites you.
* * * LOW HITPOINT WARNING * * *
The death scarab drains your vigour!
You feel as though you will be slow longer.
The ushabti shakes and rattles deafeningly!
The mummy priest calls down the wrath of its god upon you.
Something smites you!
* * * LOW HITPOINT WARNING * * *
Unknown command.
You feel much better.
You are engulfed in dark miasma.
You are more poisoned.
* * * LOW HITPOINT WARNING * * *
x2 You feel very sick.
The royal mummy casts a spell.
The mummy fails to trigger a net trap.
The death scarab bites you!!
You die... ....3.M.M....... , * zzszM9WMbB..W..9. ,M...○M......M.. , ,MMsM☼..M....MM. , B9BsW☼z....M..., , zM999M)......M.,, ,, , BMBB☼MB.BB.....

, ,
,....^☼☼BB......
, ,.......@#**
.......## ,,,
.......* *,, , ,
......# * , ,,
##..## , , ###
**, , , ^ , * ,
, * , , , , * *
*


You could see 7 royal mummies, 3 emperor scorpions, a bennu, 3 mummy priests, a
shadow wraith (summoned, invisible), a phantasmal warrior (summoned), 3 guardian
mummies, 6 ushabtiu, a freezing wraith (summoned), 11 death scarabs, a flying
skull (summoned), 4 mummies and 2 wights.

Vanquished Creatures
  Cerebov (Pan)
  Antaeus (Coc:7)
  Ereshkigal (Tar:7)
  the Royal Jelly (Slime:5)
  Gloorx Vloq (Pan)
  Lom Lobon (Pan)
  4 pandemonium lords
  3 dread liches
  Khufu (Tomb:1)
  4 ancient liches
  2 juggernauts (Geh:3)
  20 royal mummies
  Sojobo (Depths:3)
  Vv (Depths:3)
  Josephina (Depths:3)
  3 curse toes
  19 shard shrikes
  Bai Suzhen (Spider:3)
  Geryon (Hell)
  A profane servitor (Tar:4)
  7 golden dragons
  13 bone dragons
  10 Tzitzimimeh
  Arachne (Spider:2)
  14 Brimstone Fiends
  Jorgrun (D:15)
  4 iron giants (Geh:3)
  4 hellephants
  An electric golem (Zot:2)
  7 tentacled monstrosities
  13 doom hounds
  Mlioglotl (Spider:2)
  27 searing wretches
  16 Ice Fiends
  4 deep elf blademasters
  4 Hell Sentinels (Pan)
  13 tainted leviathans
  9 liches
  2 walking earthen tomes
  7 quicksilver dragons
  15 titans
  2 deep elf master archers (Elf:3)
  18 acid blobs
  15 ancient champions
  8 death cobs
  Polyphemus (Shoals:4)
  A kraken (Shoals:1)
  12 sphinxes
  22 Executioners
  Kirke (D:15)
  13 tengu reavers
  4 tentacled starspawn (Abyss:4)
  10 storm dragons
  4 revenants
  9 shadow dragons
  22 azure jellies
  13 draconian monks
  7 rockslimes
  24 fire giants
  5 draconian knights
  The ghost of Geulo the Eclecticist, an adept DEFE of Vehumet (D:15)
  20 narguns
  42 balrugs
  Louise (D:15)
  3 daevas (Pan)
  21 frost giants
  6 iron dragons
  13 cacodemons
  7 demonspawn warmongers
  9 deep elf sorcerers
  A juggernaut zombie (Tomb:1)
  23 angels (Pan)
  15 vault wardens
  A caustic shrike zombie (Crypt:3)
  3 draconian shifters
  A deep elf elementalist (Elf:3)
  7 ghost moths
  8 curse skulls
  6 emperor scorpions
  8 draconian scorchers
  3 orc warlords
  28 very ugly things
  12 shard shrike simulacra
  2 spectral juggernauts
  34 ironbound preservers
  7 demonspawn corrupters
  4 ghouls
  A juggernaut skeleton (Pan)
  11 draconian annihilators
  5 draconian stormcallers
  A quicksilver ooze (shapeshifter) (Vaults:5)
  9 broodmothers
  A spriggan defender (Depths:3)
  16 reapers
  19 stone giants
  4 demonspawn blood saints
  9 quicksilver oozes
  9 apis (Pan)
  A caustic shrike skeleton (Crypt:3)
  4 bennus (Tomb:1)
  3 war gargoyles
  15 green draconians
  21 elemental wellsprings
  Nessos (Lair:4)
  17 ophanim (Pan)
  14 black draconians
  10 vampire knights
  7 demonspawn black suns
  6 ironbound thunderhulks
  7 lorocyprocas (Pan)
  7 deep elf demonologists
  3 spark wasps
  11 putrid mouths
  8 white draconians
  10 deep elf annihilators
  10 entropy weavers
  11 red draconians
  14 wendigos
  13 yellow draconians
  6 dire elephants
  16 purple draconians
  5 merfolk javelineers
  2 crystal guardians
  A spectral quicksilver dragon (Tar:2)
  7 deep elf death magi
  11 green deaths
  10 ettins
  12 eidola
  9 blizzard demons
  A shambling mangrove (Zig:5)
  19 mummy priests
  10 fire dragons
  6 jiangshi (Crypt:3)
  2 spectral spriggans
  21 yaktaur captains
  10 merfolk impalers
  A quicksilver dragon zombie (Crypt:1)
  12 great orbs of eyes
  2 spriggan zombies (Tomb:2)
  A fenstrider witch zombie (Tomb:2)
  A quicksilver dragon skeleton (Crypt:3)
  3 salamander tyrants
  3 deep elf high priests
  2 peacekeepers
  A spectral shadow dragon (Tar:1)
  A rakshasa (D:15)
  28 vault guards
  3 spriggan air magi
  12 ice dragons
  7 hell beasts
  8 juggernaut simulacra
  5 catoblepae
  12 hydras
  7 stokers
  4 merfolk aquamancers (Shoals:4)
  12 ironbound frosthearts
  2 alligator snapping turtles
  13 boulder beetles
  9 caustic shrike simulacra
  2 ghost crabs (Geh:6)
  5 jorogumos
  An alligator (Zig:5)
  3 centaur warriors
  A fenstrider witch skeleton (Pan)
  An ogre mage (D:10)
  2 radroaches
  A catoblepas (shapeshifter) (Vaults:3)
  A spectral stone giant (Tar:1)
  4 merfolk avatars
  5 death knights
  9 deep troll shamans
  9 vampire magi
  7 death yaks
  41 death scarabs
  4 two-headed ogres
  8 deep troll earth magi
  9 tengu warriors
  25 dancing weapons
  A two-headed ogre (shapeshifter) (Zig:9)
  2 satyrs
  15 hell hogs
  A spectral naga (Tar:3)
  3 spriggan berserkers
  14 soul eaters
  4 orc high priests
  13 deep elf knights
  A storm dragon zombie (Crypt:3)
  51 sun demons
  A titan skeleton (Crypt:1)
  12 iron trolls
  17 hell knights
  Lodul (D:10)
  3 shock serpents (Pan)
  10 cherubim (Pan)
  12 sea snakes
  16 shadow wraiths
  35 skeletal warriors
  A storm dragon skeleton (Crypt:3)
  An entropy weaver zombie (Crypt:1)
  3 wretched stars
  A fire crab (Vaults:3)
  5 pharaoh ants
  3 bunyip zombies
  8 shadow demons
  A goliath frog (shapeshifter) (Vaults:5)
  4 steelbarb worms
  5 quicksilver dragon simulacra
  6 sixfirhies
  55 deep trolls
  2 starcursed masses (Abyss:4)
  2 death drakes
  5 flayed ghosts
  5 glowing orange brains
  A swamp dragon (Zig:5)
  10 spriggan simulacra
  9 wizards
  A golden dragon skeleton (Crypt:3)
  10 orb spiders
  A kraken simulacrum (Shoals:4)
  5 bog bodies
  10 ironbound convokers
  A harpy (shapeshifter) (Elf:3)
  11 orc knights
  11 phantasmal warriors
  A spectral hydra (Tar:3)
  A swamp dragon (shapeshifter) (Depths:1)
  A mana viper (shapeshifter) (Zig:9)
  23 harpies
  2 anaconda skeletons
  10 deep elf archers
  31 deep elf pyromancers
  2 lindwurms (Vaults:3)
  5 shining eyes
  5 obsidian statues
  An iron dragon zombie (Crypt:1)
  A stone giant zombie (Crypt:3)
  18 deep elf zephyrmancers
  An orc sorcerer (Orc:2)
  45 ugly things
  A shadow dragon zombie (Crypt:2)
  11 cyclopes
  13 necromancers
  17 manticores
  17 wolf spiders
  2 iron dragon skeletons
  18 vault sentinels
  9 fauns
  5 ice statues
  A worldbinder (Abyss:3)
  Maurice (D:12)
  11 elephants (Lair:4)
  4 water nymphs
  21 moths of wrath
  8 merfolk sirens
  4 black mambas
  7 titan simulacra
  A frost giant skeleton (Crypt:1)
  An eleionoma skeleton (Crypt:3)
  2 stone giant skeletons
  11 orange demons
  3 eyes of devastation
  A guardian serpent (Depths:1)
  A storm dragon simulacrum (Coc:1)
  2 gargoyles (D:12)
  4 centaur skeletons
  5 molten gargoyles
  4 torpor snails
  10 cane toads
  An alligator snapping turtle zombie (Crypt:3)
  An emperor scorpion simulacrum (Coc:1)
  12 hellions
  9 kobold demonologists
  A cane toad (shapeshifter) (Elf:2)
  14 smoke demons
  An unseen horror (Pan)
  5 efreet
  4 dire elephant skeletons
  11 tormentors
  15 demonic crawlers
  A komodo dragon (shapeshifter) (Elf:2)
  4 rime drakes
  4 ice devils
  34 guardian mummies
  A spark wasp simulacrum (Zig:3)
  11 anaconda simulacra
  A yellow draconian skeleton (Crypt:1)
  11 hellwings (Pan)
  A bunyip simulacrum (Coc:1)
  A spectral harpy (Tar:1)
  A red devil (Hell)
  12 komodo dragons
  7 iron giant simulacra
  A troll (shapeshifter) (Vaults:5)
  24 freezing wraiths
  46 yaktaurs
  A hydra zombie (Crypt:1)
  4 tengu conjurers
  2 harpy zombies
  A silent spectre (Tar:1)
  4 trolls
  5 golden dragon simulacra
  30 merfolk
  A bloated husk (Abyss:4)
  2 meliai
  A merfolk (shapeshifter) (Zig:9)
  33 tarantellas
  11 hornets
  A hornet (shapeshifter) (D:13)
  2 wind drakes (shapeshifter)
  7 polar bears
  3 wind drakes
  Grinder (D:6)
  A tengu simulacrum (Depths:3)
  A raiju (Abyss:4)
  4 harpy skeletons
  120 slime creatures
  A death drake skeleton (Crypt:3)
  A dream sheep (shapeshifter) (Vaults:5)
  5 blink frogs (Lair:5)
  A fire dragon zombie (Crypt:1)
  8 dream sheep
  4 iron dragon simulacra
  10 snapping turtles
  A spectral swamp dragon (Tar:1)
  21 jumping spiders
  2 air elementals
  4 stone giant simulacra
  39 large abominations
  18 culicivoras
  36 flying skulls
  A centaur simulacrum (Coc:2)
  2 ettin skeletons
  8 wraiths
  11 dire elephant simulacra
  An ice dragon skeleton (Crypt:1)
  77 yaks
  A fire dragon skeleton (Crypt:1)
  A vampire (D:13)
  6 ynoxinuls
  3 fire elementals
  4 spriggans
  35 water elementals
  A human (shapeshifter) (Elf:3)
  9 ushabtiu
  5 basilisks
  7 wyverns
  16 humans (D:13)
  3 alligator snapping turtle simulacra
  5 golden eyes
  2 minotaur simulacra (IceCv)
  6 hogs
  11 neqoxecs
  12 vampire mosquitoes
  8 chaos spawn
  42 redbacks
  2 steam dragons
  A swamp worm (Shoals:4)
  18 harpy simulacra
  A deep troll zombie (Crypt:2)
  An acid dragon (D:11)
  3 wargs
  5 hydra simulacra
  A naga skeleton (Crypt:3)
  16 water moccasins
  A merfolk skeleton (Crypt:2)
  Pargi (Sewer)
  4 floating eyes
  An ice beast (D:6)
  29 orc warriors
  2 alligator simulacra (IceCv)
  9 ettin simulacra
  10 ogres
  10 small abominations (Abyss:4)
  An ice beast (shapeshifter) (Vaults:5)
  2 sky beasts
  A swamp dragon zombie (Crypt:3)
  An elephant zombie (Crypt:3)
  10 boggarts
  8 centaurs
  12 wolves
  A torpor snail zombie (Crypt:1)
  5 phantoms
  2 elf zombies (Elf:2)
  A salamander zombie (Crypt:1)
  9 bullfrogs
  Blork the orc (D:6)
  A komodo dragon zombie (Crypt:2)
  8 kobold brigands
  6 scorpions
  A deep troll simulacrum (IceCv)
  5 naga simulacra
  5 necrophages
  3 earth elementals
  8 wights
  5 killer bees (Lair:2)
  A shapeshifter zombie (Crypt:3)
  3 lindwurm simulacra (IceCv)
  A shapeshifter skeleton (Crypt:1)
  A howler monkey (D:6)
  7 electric eels
  An iron imp (Pan)
  4 jellies
  20 orc priests
  5 hounds
  12 human skeletons (Vaults:1)
  5 iguanas
  17 orc wizards
  A hound zombie (Crypt:2)
  A tengu skeleton (Crypt:2)
  47 mummies
  6 adders
  5 gnolls
  A shadow imp (D:5)
  A steam dragon skeleton (Crypt:2)
  4 white imps
  An ufetubus (D:4)
  An iguana skeleton (Crypt:2)
  7 worms
  A dart slug (D:4)
  63 orcs
  A bat skeleton (Crypt:3)
  5 endoplasms
  A giant cockroach (D:2)
  A gnoll zombie (Ossuary)
  7 goblins
  17 hobgoblins
  5 jackals
  A river rat zombie (Crypt:3)
  8 ball pythons
  8 bats
  5 frilled lizards
  3 hobgoblin zombies (Ossuary)
  65 kobolds
  3 kobold zombies
  An orc skeleton (Crypt:3)
  2 orc zombies (Ossuary)
  4 rats
  6 ball lightnings
  12 creeping infernos
  30 fire vortices
  A lurking horror (Abyss:4)
  4 starspawn tentacles (Abyss:4)
3676 creatures vanquished.

Vanquished Creatures (collateral kills)
  Asmodeus (Geh:7)
  the Serpent of Hell (Coc:7)
  Mnoleg (Pan)
  A seraph (Pan)
  Mara (Spider:4)
  2 shard shrikes
  A golden dragon (Depths:4)
  An Ice Fiend (Coc:4)
  2 tentacled monstrosities
  A searing wretch (Geh:4)
  2 hellephants (Geh:6)
  2 titans
  An acid blob (Slime:5)
  A tentacled starspawn (Abyss:4)
  Agnes (D:15)
  An Executioner (Pan)
  A sphinx (Vaults:5)
  Roxanne (Elf:1)
  Donald (Shoals:2)
  2 azure jellies
  A frost giant (Vaults:5)
  A shadow dragon (Vaults:5)
  A rockslime (Slime:5)
  A fire giant (Geh:6)
  A deep elf sorcerer (Elf:1)
  A demonspawn warmonger (Pan)
  A vault warden (Vaults:5)
  2 balrugs
  A cacodemon (Pan)
  An orc warlord (Vaults:2)
  5 very ugly things (Pan)
  A stone giant (Vaults:5)
  A quicksilver ooze (Slime:5)
  An elemental wellspring (Coc:5)
  A purple draconian (Depths:4)
  A minotaur (Vaults:3)
  A mummy priest (Crypt:3)
  2 deep elf death magi (Vaults:5)
  A great orb of eyes (Slime:5)
  2 yaktaur captains (Vaults:5)
  A spriggan air mage (Depths:1)
  A caustic shrike simulacrum (Coc:5)
  A salamander tyrant (Geh:6)
  6 vault guards (Vaults:5)
  2 hydras (D:15)
  A stoker (Geh:4)
  2 hell beasts (Geh:6)
  An ironbound frostheart (Vaults:3)
  2 hell hogs (Abyss:4)
  A merfolk aquamancer (Shoals:1)
  A tengu warrior (D:15)
  An orc high priest (Orc:2)
  5 dancing weapons
  A deep elf knight (Elf:2)
  A wretched star (Abyss:4)
  A cherub (Pan)
  An orb spider (Spider:3)
  A glowing orange brain (Abyss:4)
  A quicksilver dragon simulacrum (Coc:5)
  A harpy (Shoals:1)
  A death drake (Abyss:4)
  4 deep trolls
  A spriggan simulacrum (Coc:7)
  A wizard (Vaults:1)
  3 ugly things
  3 orc knights
  A wolf spider (Spider:4)
  An ironbound convoker (Vaults:5)
  3 deep elf zephyrmancers (Elf:2)
  A cyclops (Shoals:1)
  A shining eye (Slime:5)
  3 vault sentinels
  An apocalypse crab (Abyss:4)
  A torpor snail (shapeshifter) (Depths:4)
  A hellion (Geh:6)
  Maggie (D:6)
  A demonic crawler (Zig:8)
  A freezing wraith (IceCv)
  A guardian mummy (Crypt:3)
  An efreet (D:15)
  2 merfolk (Shoals:1)
  2 dream sheep (Shoals:1)
  3 slime creatures
  A tarantella (Spider:4)
  A snapping turtle (Shoals:2)
  A flying skull (Abyss:4)
  A jumping spider (Spider:4)
  An ushabti (Crypt:3)
  2 culicivoras (Spider:4)
  A water elemental (Elf:2)
  A golden eye (Abyss:4)
  A redback (Spider:4)
  A chaos spawn (Pan)
  A harpy simulacrum (Coc:4)
  11 large abominations
  An orc warrior (Orc:2)
  A boggart (Vaults:2)
  7 small abominations (Abyss:4)
  A glowing shapeshifter simulacrum (Depths:3)
  10 orc priests (Orc:2)
  6 orcs
  3 ball lightnings (Pan)
  2 fire vortices (Geh:4)
  A starspawn tentacle (Abyss:4)
177 creatures vanquished.

Vanquished Creatures (others)
  A Brimstone Fiend (Zig:10)
  An Ice Fiend (Zig:10)
  A draconian knight (Zot:3)
  A draconian scorcher (Zot:4)
  A shard shrike simulacrum (Coc:6)
  An orc warlord (D:15)
  A reaper (Zig:10)
  A yellow draconian (Zot:4)
  2 two-headed ogres (D:15)
  A tengu warrior (D:15)
  2 deep trolls
  A sea snake (Shoals:4)
  A deep elf archer (Elf:1)
  An orc knight (D:15)
  A deep elf zephyrmancer (Elf:1)
  A moth of wrath (D:15)
  An anaconda simulacrum (Coc:6)
  A stone giant simulacrum (Coc:7)
  A flying skull (Abyss:4)
  A neqoxec (Abyss:4)
  15 ball lightnings
  2 fire vortices
  17 fungi
  121 plants
  A snaplasher vine (Zig:8)
  6 starspawn tentacles (Abyss:4)
  2 tentacles (Shoals:1)
186 creatures vanquished.

Grand Total: 4039 creatures vanquished

Notes
Turn   | Place    | Note
-------+----------+-------------------------------------------
     0 | D:1      | iguanaiguana the Minotaur Fighter began the quest for the
                  | Orb.
     0 | D:1      | Reached XP level 1. HP: 19/19 MP: 0/0
   185 | D:1      | Reached XP level 2. HP: 25/26 MP: 0/1
   885 | D:2      | Reached XP level 3. HP: 27/31 MP: 2/2
  1471 | D:2      | Reached skill level 5 in Axes
  1854 | D:3      | Reached XP level 4. HP: 23/39 MP: 3/3
  2141 | D:3      | Found a glowing drain.
  2313 | Sewer    | Entered a sewer
  2480 | Sewer    | Reached XP level 5. HP: 44/45 MP: 4/4
  2501 | Sewer    | Noticed Pargi
  2511 | Sewer    | Killed Pargi
  3279 | D:4      | Noticed a phantom
  3307 | D:4      | Killed a phantom
  3308 | D:4      | Reached XP level 6. HP: 42/51 MP: 5/5
  3953 | D:4      | Found a sparkling altar of Nemelex Xobeh.
  4016 | D:4      | Became a worshipper of Nemelex Xobeh the Trickster
  4137 | D:5      | Entered Level 5 of the Dungeon
  4152 | D:4      | Reached skill level 5 in Fighting
  4226 | D:5      | Reached XP level 7. HP: 52/62 MP: 6/6
  4305 | D:5      | Reached skill level 1 in Invocations
  4628 | D:5      | Found a blossoming altar of Fedhas.
  5059 | D:5      | Reached XP level 8. HP: 66/73 MP: 10/10
  5494 | D:5      | Found a staircase to the Ecumenical Temple.
  5504 | Temple   | Entered the Ecumenical Temple
  5740 | D:6      | Reached skill level 1 in Throwing
  5924 | D:6      | Found a sand-covered staircase.
  6076 | Ossuary  | Entered an ossuary
  6468 | D:6      | Gained mutation: You have supernaturally acute eyesight.
                  | (SInv) [potion of mutation]
  6468 | D:6      | Gained mutation: Your spells are a little harder to cast,
                  | but a little more powerful. [potion of mutation]
  6484 | D:6      | Found a snail-covered altar of Cheibriados.
  6498 | D:6      | Noticed Blork the orc
  6507 | D:6      | Killed Blork the orc
  6534 | D:6      | Noticed Grinder
  6554 | D:6      | Killed Grinder
  6555 | D:6      | Reached skill level 5 in Armour
  6555 | D:6      | Reached skill level 5 in Shields
  6620 | D:6      | Reached * piety under Nemelex Xobeh
  6628 | D:6      | Noticed Maggie
  6631 | D:6      | Reached XP level 9. HP: 81/81 MP: 11/11
  6640 | D:6      | Killed Maggie
  6942 | D:6      | Reached skill level 5 in Polearms
  7015 | D:6      | Received a gift from Nemelex Xobeh
  8195 | D:8      | Reached ** piety under Nemelex Xobeh
  8363 | D:7      | Reached skill level 10 in Polearms
  8363 | D:7      | Reached XP level 10. HP: 75/88 MP: 12/12
  8537 | D:8      | Reached skill level 1 in Evocations
  8586 | D:8      | Found an ancient bone altar of Kikubaaqudgha.
  8785 | D:8      | Found an opulent altar of Gozag.
  9118 | D:9      | Found a flagged portal.
  9155 | Bailey   | Entered a bailey
  9160 | Bailey   | Noticed an orc warlord
  9228 | Bailey   | Found a runed translucent gate.
  9228 | Bailey   | Found a runed translucent gate.
  9228 | Bailey   | Found a runed translucent gate.
  9235 | Bailey   | Reached skill level 5 in Throwing
  9455 | Bailey   | Killed an orc warlord
  9482 | Bailey   | Reached XP level 11. HP: 106/106 MP: 13/13
  9493 | Bailey   | Identified the +4 buckler "Jakeuj" {Rampage rElec Str+2}
  9567 | D:9      | Reached skill level 5 in Evocations
  9624 | D:9      | Received a gift from Nemelex Xobeh
  9958 | D:9      | Noticed a sixfirhy
 10108 | D:9      | Got the Vellum of Frigid Excavation
 10533 | D:10     | Entered Level 10 of the Dungeon
 10595 | D:10     | Reached XP level 12. HP: 88/113 MP: 14/14
 10940 | D:10     | Found a staircase to the Lair.
 11049 | D:10     | Reached *** piety under Nemelex Xobeh
 11076 | D:10     | Noticed Lodul
 11084 | D:10     | Killed Lodul
 11085 | D:10     | Reached skill level 1 in Dodging
 11138 | D:10     | Noticed Snorg
 11143 | D:10     | Noticed Snorg
 11143 | D:10     | Snorg changed into Snorg the polar bear
 11149 | D:10     | Killed Snorg the polar bear
 11350 | D:10     | Found a runed translucent door.
 11350 | D:10     | Noticed a tengu warrior
 11361 | D:10     | Killed a tengu warrior
 11489 | D:10     | Noticed an eight-headed hydra
 11500 | D:10     | Killed an eight-headed hydra
 11505 | D:10     | Noticed an ogre mage
 11509 | D:10     | Killed an ogre mage
 11518 | D:10     | Noticed a death knight
 11525 | D:10     | Killed a death knight
 11862 | D:10     | Found the +11 plutonium sword {Contam Stlth-}
 11962 | Lair:1   | Entered Level 1 of the Lair of Beasts
 12279 | Lair:1   | Identified the +6 trident of Famine {protect, Int+6}
 12420 | Lair:1   | Reached skill level 5 in Dodging
 12966 | Lair:2   | Reached skill level 5 in Invocations
 13048 | Lair:2   | Noticed a four-headed hydra
 13055 | Lair:2   | Killed a four-headed hydra
 13675 | Lair:2   | Reached XP level 13. HP: 119/119 MP: 17/17
 13789 | Lair:2   | Found a hole to the Spider Nest.
 14720 | Lair:3   | Found a staircase to the Shoals.
 14825 | Lair:3   | Received a gift from Nemelex Xobeh
 14841 | Lair:3   | Reached **** piety under Nemelex Xobeh
 15000 | Lair:3   | Reached skill level 10 in Invocations
 15334 | Lair:3   | Received a gift from Nemelex Xobeh
 15466 | Lair:4   | Identified the +1 war axe of the Pyrrhic Victory {holy,
                  | rPois rN+ Str-5 Int+2}
 15845 | Lair:4   | Found a snail-covered altar of Cheibriados.
 16096 | Lair:4   | Reached ***** piety under Nemelex Xobeh
 16096 | Lair:4   | Received a gift from Nemelex Xobeh
 16126 | Lair:4   | Noticed Nessos
 16137 | Lair:4   | Killed Nessos
 16178 | Lair:4   | Found a viscous altar of Jiyva.
 16179 | Lair:4   | Found a staircase to the Slime Pits.
 16198 | Lair:4   | Identified a scroll of acquirement
 16199 | Lair:4   | Acquired the amulet of Ixtikub {Spirit Will+ Slay+2}
 16629 | Lair:5   | Entered Level 5 of the Lair of Beasts
 16869 | Lair:5   | Reached XP level 14. HP: 110/127 MP: 17/22
 16964 | Lair:5   | Reached skill level 10 in Throwing
 17567 | Lair:5   | Acquired the ring "Laas" {Will+ rCorr Int+6}
 18800 | D:11     | Received a gift from Nemelex Xobeh
 18941 | D:11     | Found a sacrificial altar of Ru.
 18978 | D:11     | Reached skill level 1 in Spellcasting
 18978 | D:11     | Reached skill level 1 in Translocations
 20002 | D:12     | Received a gift from Nemelex Xobeh
 20011 | D:12     | Found a staircase to the Orcish Mines.
 20177 | D:12     | Noticed Maurice
 20192 | D:12     | Killed Maurice
 20466 | D:12     | Acquired 1145 gold pieces
 20566 | D:12     | Learned a level 2 spell: Blink
 20570 | D:12     | Learned a level 3 spell: Lesser Beckoning
 20574 | D:12     | Learned a level 3 spell: Gell's Gravitas
 20578 | D:12     | Learned a level 3 spell: Teleport Other
 20583 | D:12     | Learned a level 4 spell: Manifold Assault
 20707 | D:12     | Received a gift from Nemelex Xobeh
 21092 | D:13     | Reached skill level 5 in Translocations
 21097 | D:13     | Found a gate to the Vaults.
 21130 | D:13     | Reached XP level 15. HP: 108/134 MP: 20/23
 21462 | D:13     | Received a gift from Nemelex Xobeh
 22256 | Orc:1    | Entered Level 1 of the Orcish Mines
 22763 | Orc:1    | Received a gift from Nemelex Xobeh
 23053 | Orc:2    | Entered Level 2 of the Orcish Mines
 23278 | Orc:2    | Found a staircase to the Elven Halls.
 23515 | Orc:2    | Found a shimmering altar of Xom.
 23882 | Orc:2    | Received a gift from Nemelex Xobeh
 24029 | Orc:2    | Found Firch's General Store.
 24032 | Orc:2    | Found Cisocops's Book Shoppe.
 24033 | Orc:2    | Found Emeit's Distillery.
 24034 | Orc:2    | Found Aluif's Book Emporium.
 24037 | Orc:2    | Bought a potion of resistance for 130 gold pieces
 24045 | Orc:2    | Bought a book of Cantrips for 180 gold pieces
 24047 | Orc:2    | Learned a level 1 spell: Apportation
 24048 | Orc:2    | Bought a potion of mutation for 96 gold pieces
 24048 | Orc:2    | Bought a potion of resistance for 120 gold pieces
 24048 | Orc:2    | Bought a potion of lignification for 36 gold pieces
 24048 | Orc:2    | Bought a potion of haste for 120 gold pieces
 24048 | Orc:2    | Bought a potion of curing for 36 gold pieces
 24048 | Orc:2    | Bought a potion of brilliance for 48 gold pieces
 24048 | Orc:2    | Bought 2 potions of heal wounds for 120 gold pieces
 24054 | Orc:2    | Upgraded the game from 0.30-a0-116-g3b1a8e4ee4 to
                  | 0.30-a0-118-ga018f8e90f
 25042 | D:14     | Received a gift from Nemelex Xobeh
 25083 | D:15     | Entered Level 15 of the Dungeon
 25330 | D:15     | Noticed Agnes
 25342 | D:15     | Killed Agnes
 25484 | D:15     | Noticed Jorgrun
 25507 | D:15     | Killed Jorgrun
 25508 | D:15     | Reached skill level 10 in Translocations
 25816 | D:15     | Noticed Kirke
 25834 | D:15     | Noticed a sphinx
 25843 | D:15     | Killed Kirke
 25948 | D:15     | Found a transporter.
 25950 | D:15     | Found a transporter.
 26031 | D:15     | Noticed Geulo's ghost (adept DEFE)
 26113 | D:15     | Found a bloodstained altar of Trog.
 26329 | D:15     | Noticed Louise
 26362 | D:15     | Killed Louise
 26441 | D:15     | Reached XP level 16. HP: 117/141 MP: 3/24
 26550 | D:15     | Found a staircase to the Depths.
 26552 | D:15     | Noticed a sphinx
 26552 | D:15     | a stone giant changed into a sphinx
 26556 | D:15     | Killed a sphinx
 26919 | Spider:1 | Entered Level 1 of the Spider Nest
 27087 | Spider:1 | Received a gift from Nemelex Xobeh
 27401 | Spider:1 | Identified the +10 dagger of Bososynt {vorpal, +Blink Str+4
                  | Int-4 Dex+7}
 28472 | Spider:1 | Paralysed by a hornet for 1 turns
 28777 | Spider:1 | Reached ****** piety under Nemelex Xobeh
 29869 | Spider:2 | Received a gift from Nemelex Xobeh
 30312 | Spider:2 | Received a gift from Nemelex Xobeh
 31328 | Spider:2 | Noticed Mlioglotl
 31341 | Spider:2 | Killed Mlioglotl
 31397 | Spider:2 | Noticed Arachne
 31419 | Spider:2 | Killed Arachne
 32581 | Spider:3 | Reached skill level 10 in Dodging
 32593 | Spider:3 | Received a gift from Nemelex Xobeh
 32607 | Spider:3 | Identified the +1 ring mail of Gaifurapn {rN+ Will- Dex+3}
 33983 | Spider:4 | Entered Level 4 of the Spider Nest
 33991 | Spider:3 | Reached XP level 17. HP: 149/149 MP: 15/25
 34652 | Depths:1 | Entered Level 1 of the Depths
 34679 | Depths:1 | Received a gift from Nemelex Xobeh
 34684 | Depths:1 | Found a runed translucent door.
 34794 | Depths:1 | Reached skill level 15 in Throwing
 34922 | Depths:1 | Found a runed translucent door.
 34923 | Depths:1 | Noticed a dread lich
 34925 | Depths:1 | Noticed Lidodu's ghost (adept DDFi)
 34932 | Depths:1 | Noticed a walking frostbound tome
 35839 | Spider:4 | Noticed Bai Suzhen
 35992 | Spider:3 | Killed Bai Suzhen
 37225 | Spider:4 | Identified the +2 leather armour of the Hidden Vale
                  | {+Blink}
 37611 | Spider:4 | Reached skill level 15 in Fighting
 37628 | Spider:4 | Noticed Mara
 37650 | Spider:4 | Identified the +0 hand axe "Xefrais" {antimagic, rPois
                  | Will++ Int+4 Dex-4}
 37654 | Spider:4 | Noticed iguanaiguana's illusion
 37665 | Spider:4 | Killed Mara
 37906 | Spider:4 | Received a gift from Nemelex Xobeh
 38794 | Spider:4 | Got Uveb's Grimoire of Clouds
 38823 | Spider:4 | Got a gossamer rune of Zot
 39099 | Shoals:1 | Entered Level 1 of the Shoals
 39118 | Shoals:1 | Found a frozen archway.
 39208 | Shoals:1 | Received a gift from Nemelex Xobeh
 39347 | IceCv    | Entered an ice cave
 40153 | IceCv    | Found an ancient bone altar of Kikubaaqudgha.
 40161 | IceCv    | Reached XP level 18. HP: 146/171 MP: 2/26
 40311 | IceCv    | Found the +8 frozen axe "Frostbite" {freezing cloud, *Noise
                  | Fly rC+}
 40449 | IceCv    | Noticed a lich
 40454 | IceCv    | Identified the +1 trident of Sulphur {vorpal, Int+2}
 40461 | IceCv    | Killed a lich
 40614 | IceCv    | Identified the ring of Qeippuamp {rF+ rC+ rN+ Stlth+}
 41228 | Shoals:1 | Identified the ring "Adiqi" {rElec rPois rC+}
 41239 | Shoals:1 | Noticed a tentacled monstrosity
 41249 | Shoals:1 | Killed a tentacled monstrosity
 41388 | Shoals:1 | Got the Omnibus of Mad Ravings
 42105 | Shoals:1 | Received a gift from Nemelex Xobeh
 43220 | Shoals:2 | Noticed Donald
 43224 | Shoals:2 | Killed Donald
 43574 | Shoals:2 | Received a gift from Nemelex Xobeh
 44310 | Shoals:3 | Received a gift from Nemelex Xobeh
 45260 | Shoals:4 | Entered Level 4 of the Shoals
 45625 | Shoals:4 | Noticed Polyphemus
 45645 | Shoals:4 | Killed Polyphemus
 45657 | Shoals:4 | Reached skill level 15 in Invocations
 46171 | Shoals:4 | Reached XP level 19. HP: 151/179 MP: 4/29
 46352 | Shoals:4 | Identified the ring of Elepp {rPois Will+ rCorr}
 46736 | Shoals:4 | Identified the +1 chain mail of Duocwin {+Blink Dex+8}
 46835 | Shoals:4 | Received a gift from Nemelex Xobeh
 47412 | Shoals:4 | Got a barnacled rune of Zot
 48154 | Elf:1    | Entered Level 1 of the Elven Halls
 48159 | Elf:1    | Received a gift from Nemelex Xobeh
 48327 | Elf:1    | Found Jefuirgha's Antique Armour Emporium.
 48374 | Elf:1    | Bought a pair of glowing boots for 225 gold pieces
 48920 | Elf:1    | Identified Roxanne's Anthology of Stones
 48920 | Elf:1    | Noticed Roxanne
 48941 | Elf:1    | Killed Roxanne
 49087 | Elf:1    | Found Cyody's Jewellery Shop.
 49550 | Elf:1    | Got the Anthology of Productive Conjuration
 49607 | Elf:1    | Found Seqymisa's General Store.
 49615 | Elf:1    | Bought a scroll of teleportation for 30 gold pieces
 49615 | Elf:1    | Bought a scroll of magic mapping for 75 gold pieces
 49724 | Elf:1    | Received a gift from Nemelex Xobeh
 50322 | Elf:2    | Paralysed by an air elemental for 1 turns
 50477 | Elf:2    | Reached skill level 5 in Spellcasting
 50630 | Elf:2    | Got the Spellbook of Sinister Rites
 50665 | Elf:2    | Received a gift from Nemelex Xobeh
 51085 | Elf:2    | Found a runed translucent gate.
 51085 | Elf:2    | Found a runed translucent gate.
 51086 | Elf:2    | Found a runed translucent gate.
 51729 | Vaults:1 | Entered Level 1 of the Vaults
 51760 | Vaults:1 | Reached skill level 10 in Shields
 51930 | Vaults:1 | Received a gift from Nemelex Xobeh
 52427 | Vaults:1 | Reached XP level 20. HP: 156/187 MP: 2/31
 53685 | Vaults:2 | Found a staircase to the Crypt.
 54334 | Vaults:2 | Received a gift from Nemelex Xobeh
 55141 | Vaults:2 | Reached skill level 15 in Shields
 55881 | Vaults:2 | Received a gift from Nemelex Xobeh
 56286 | Vaults:3 | Found a flickering gateway to a bazaar.
 56304 | Bazaar   | Entered a bazaar
 56372 | Bazaar   | Found Toriv's Magic Scroll Shoppe.
 56373 | Bazaar   | Found Posehaanu's Armour Shoppe.
 56395 | Bazaar   | Bought a scroll of teleportation for 36 gold pieces
 56395 | Bazaar   | Bought a scroll of immolation for 48 gold pieces
 56395 | Bazaar   | Bought a scroll of fog for 48 gold pieces
 56395 | Bazaar   | Bought a scroll of silence for 114 gold pieces
 56415 | Bazaar   | Found Zobul's Assorted Antiques.
 56415 | Bazaar   | Found Ethruz's Armour Emporium.
 56437 | Bazaar   | Bought a +2 crystal plate armour for 1012 gold pieces
 56929 | Vaults:3 | Received a gift from Nemelex Xobeh
 56931 | Vaults:3 | Found Aloant's Weapon Emporium.
 57137 | Vaults:3 | Found Pasoas's Book Shoppe.
 57147 | Vaults:3 | Reached skill level 10 in Armour
 57742 | Vaults:3 | Reached XP level 21. HP: 116/188 MP: 20/33
 59191 | Vaults:3 | Identified the +10 short sword of Malaise {pain, Str+3}
 59291 | Vaults:3 | Received a gift from Nemelex Xobeh
 59958 | Vaults:4 | Reached skill level 15 in Armour
 61607 | Vaults:4 | Received a gift from Nemelex Xobeh
 62524 | Depths:1 | Found a one-way gate to the infinite horrors of the Abyss.
 62528 | Depths:1 | Found a gateway to Hell.
 62928 | Depths:1 | Received a gift from Nemelex Xobeh
 64291 | Depths:1 | Received a gift from Nemelex Xobeh
 65153 | Depths:2 | Reached XP level 22. HP: 181/202 MP: 34/34
 65382 | Depths:2 | Found a one-way gate leading to the halls of Pandemonium.
 65407 | Depths:2 | Found a portal to a secret trove of treasure.
 66056 | Depths:2 | Received a gift from Nemelex Xobeh
 66212 | Depths:2 | You paid a toll of 6 scrolls of fear to enter a treasure
                  | trove
 66213 | Trove    | Entered a treasure trove
 66651 | Depths:3 | Found Ipruni Ryrha's Book Emporium.
 66704 | Depths:3 | Found Vysaah's Jewellery Shop.
 66866 | Depths:3 | Found Viagodir's Jewellery Shop.
 66944 | Depths:3 | Identified the ring "Logol" {Ice +Blink rN+ Slay+3 SInv}
 66944 | Depths:3 | Noticed Josephina
 66969 | Depths:3 | Killed Josephina
 67251 | Depths:3 | Received a gift from Nemelex Xobeh
 67293 | Depths:3 | Found a one-way gateway to a ziggurat.
 67306 | Depths:3 | Reached skill level 10 in Evocations
 68374 | Depths:3 | Noticed Sojobo
 68402 | Depths:3 | Killed Sojobo
 68753 | Depths:3 | Received a gift from Nemelex Xobeh
 68989 | Depths:3 | Noticed Vv
 69021 | Depths:3 | Killed Vv
 69480 | Depths:4 | Entered Level 4 of the Depths
 69809 | Depths:4 | Noticed a golden dragon
 69823 | Depths:4 | Killed a golden dragon
 70320 | Depths:4 | Found a gate to the Realm of Zot.
 70778 | Depths:4 | Reached XP level 23. HP: 190/207 MP: 32/36
 70862 | Depths:4 | Found a radiant altar of Vehumet.
 71205 | Depths:4 | Received a gift from Nemelex Xobeh
 71516 | Depths:4 | Got the Guidebook on Air and Evolution
 71622 | Depths:4 | Upgraded the game from 0.30-a0-118-ga018f8e90f to
                  | 0.30-a0-121-gb27577e5d9
 71897 | Slime:1  | Entered Level 1 of the Pits of Slime
 72249 | Slime:1  | Gained mutation: You are weak. (Str -2) [a shining eye]
 72250 | Slime:1  | Gained mutation: Your magical capacity is low. (-10% MP) [a
                  | shining eye]
 72292 | Slime:1  | Lost mutation: Your magical capacity is low. (-10% MP)
                  | [potion of mutation]
 72292 | Slime:1  | Lost mutation: Your spells are a little harder to cast, but
                  | a little more powerful. [potion of mutation]
 72892 | Slime:3  | Received a gift from Nemelex Xobeh
 72972 | Slime:3  | Found a viscous altar of Jiyva.
 73668 | Slime:5  | Entered Level 5 of the Pits of Slime
 73870 | Slime:5  | Received a gift from Nemelex Xobeh
 73961 | Slime:5  | Noticed the Royal Jelly
 74150 | Slime:5  | Found a viscous altar of Jiyva.
 74181 | Slime:5  | Found the ring of the Tortoise {AC+8}
 74811 | Slime:5  | Killed the Royal Jelly
 75297 | Slime:5  | Identified the +7 scimitar of the Lurker {protect, *Rage
                  | rCorr Int+8}
 75300 | Slime:5  | Identified the amulet "Yqil" {Faith Rampage Int+4}
 75302 | Slime:5  | Got a slimy rune of Zot
 75338 | Slime:5  | Identified the +1 dagger of the Beginning {pain, *Noise
                  | rPois Str-3 Dex+9}
 75344 | Slime:5  | Identified the +9 whip "Nieher" {venom, rC+}
 75376 | Slime:5  | Identified the +2 great mace "Niom" {vorpal, Fragile rPois
                  | rC++ Dex+9}
 75396 | Slime:5  | Got the Opusculum on Battle Magic
 75412 | Slime:5  | Got the Omnibus of Relativism
 75766 | Zot:1    | Entered Level 1 of the Realm of Zot
 75766 | Zot:1    | Received a gift from Nemelex Xobeh
 78438 | Zot:1    | Found a corrupted altar of Lugonu.
 78511 | Zot:1    | Reached XP level 24. HP: 216/216 MP: 34/36
 78893 | Zot:1    | Received a gift from Nemelex Xobeh
 78913 | Zot:1    | Got Sif Muna's Grimoire of Fire and Brimstone
 79796 | Zot:2    | Received a gift from Nemelex Xobeh
 80222 | Zot:2    | Acquired 654 gold pieces
 80661 | Zot:3    | Received a gift from Nemelex Xobeh
 81122 | Zot:3    | Identified the +4 scale mail of Mugrahen {Will++ Dex-2}
 82465 | Zot:4    | Received a gift from Nemelex Xobeh
 83148 | Temple   | Fell from the grace of Nemelex Xobeh
 83148 | Temple   | Became a worshipper of the Shining One
 83401 | D:15     | Killed Geulo's ghost
 83476 | D:15     | Reached XP level 25. HP: 215/226 MP: 25/38
 83651 | Crypt:1  | Entered Level 1 of the Crypt
 83763 | Crypt:1  | Reached * piety under the Shining One
 84281 | Crypt:1  | Reached ** piety under the Shining One
 84707 | Crypt:1  | Reached *** piety under the Shining One
 84875 | Crypt:1  | Reached **** piety under the Shining One
 85367 | Crypt:1  | Reached skill level 15 in Polearms
 85662 | Crypt:2  | Reached XP level 26. HP: 234/234 MP: 38/38
 85881 | Crypt:2  | Reached ***** piety under the Shining One
 86726 | Crypt:3  | Entered Level 3 of the Crypt
 86732 | Crypt:3  | Noticed an ancient lich
 86745 | Crypt:3  | Killed an ancient lich
 86805 | Crypt:3  | Noticed an ancient lich
 86824 | Crypt:3  | Killed an ancient lich
 87388 | Crypt:3  | Reached ****** piety under the Shining One
 87652 | Crypt:3  | Lost mutation: You are weak. (Str -2) [potion of mutation]
 87652 | Crypt:3  | Lost mutation: You have supernaturally acute eyesight.
                  | (SInv) [potion of mutation]
 87652 | Crypt:3  | Gained mutation: You are partially covered in iridescent
                  | scales. (AC +2) [potion of mutation]
 87652 | Crypt:3  | Gained mutation: You have an increased reservoir of magic.
                  | (+10% MP) [potion of mutation]
 87753 | Crypt:2  | Identified a +2 bardiche of holy wrath (a +0 bardiche
                  | blessed by the Shining One)
 87753 | Crypt:2  | Received a gift from the Shining One
 88299 | Orc:2    | Bought a scroll of enchant weapon for 97 gold pieces
 88723 | Crypt:3  | Found a shimmering blue altar of Sif Muna.
 88812 | Crypt:3  | Identified the amulet "Qaih Inn" {RegenMP rElec rN+ Str+4}
 89523 | Crypt:3  | Found a staircase to the Tomb.
 89633 | Crypt:3  | Found an ancient bone altar of Kikubaaqudgha.
 89682 | Crypt:3  | Found a basalt altar of Yredelemnul.
 89710 | Crypt:3  | Identified the +1 shortbow of Xaekef {vorpal, Will+ Dex+2}
 89765 | Crypt:3  | Identified the ring of Huhost {rC+ Int+6 SInv}
 89943 | Vaults:5 | Entered Level 5 of the Vaults
 91205 | Vaults:5 | Reached XP level 27. HP: 213/216 MP: 42/42
 91229 | Vaults:5 | Got a silver rune of Zot
 92605 | Vaults:5 | Identified the +3 dagger of the Arena {freeze, Fragile
                  | rPois Dex+10}
 93012 | Elf:3    | Entered Level 3 of the Elven Halls
 93359 | Abyss:3  | Cast into level 3 of the Abyss (+4 trident of distortion)
 93379 | Elf:3    | Escaped the Abyss
 94084 | Elf:3    | Identified the +9 plate armour of the Black Moon {rPois}
 94174 | Elf:3    | Identified the +4 long sword of Egomania {antimagic, rN+
                  | SInv}
 94395 | Elf:3    | Identified the +6 halberd of the Red Skies {vamp, Fragile
                  | +Blink rF+ Int+4}
 94444 | Elf:3    | Found the +0 staff of Battle
 94447 | Elf:3    | Got the Codex of Intoxication
 94448 | Elf:3    | Found the +10 Black Knight's barding {ponderous, rPois rN+}
 94454 | Elf:3    | Got the Incunable of Captivating Elsewhere
 94998 | Depths:1 | Voluntarily entered the Abyss.
 94998 | Abyss:3  | Found a corrupted altar of Lugonu.
 95044 | Abyss:4  | Found a corrupted altar of Lugonu.
 95073 | Abyss:4  | Noticed a dread lich
 95078 | Abyss:4  | Killed a dread lich
 95109 | Abyss:4  | Gained mutation: You sometimes lose your temper in combat.
                  | [a cacodemon]
 95112 | Abyss:4  | Lost mutation: You sometimes lose your temper in combat.
                  | [potion of mutation]
 95112 | Abyss:4  | Lost mutation: You are partially covered in iridescent
                  | scales. (AC +2) [potion of mutation]
 95112 | Abyss:4  | Lost mutation: You have an increased reservoir of magic.
                  | (+10% MP) [potion of mutation]
 95112 | Abyss:4  | Gained mutation: You possess an exceptional clarity of
                  | mind. [potion of mutation]
 95112 | Abyss:4  | Gained mutation: Armour fits poorly on your strangely
                  | shaped body. [potion of mutation]
 95112 | Abyss:4  | Gained mutation: You have hidden genetic potential. [potion
                  | of mutation]
 95112 | Abyss:4  | Gained mutation: You are agile. (Dex +4, Str/Int -1)
                  | [potion of mutation]
 95152 | Abyss:4  | Paralysed by a floating eye for 3 turns
 95188 | Abyss:4  | Got an abyssal rune of Zot
 95205 | Abyss:4  | Reached skill level 27 in Armour
 95248 | Depths:1 | Escaped the Abyss
 95328 | Depths:1 | Lost intelligence.
 95415 | Hell     | Entered the Vestibule of Hell
 95415 | Hell     | Noticed Geryon
 95427 | Hell     | Killed Geryon
 96652 | Hell     | Lost mutation: You possess an exceptional clarity of mind.
                  | [potion of mutation]
 96652 | Hell     | Lost mutation: Armour fits poorly on your strangely shaped
                  | body. [potion of mutation]
 96652 | Hell     | Lost mutation: You are agile. (Dex +4, Str/Int -1) [potion
                  | of mutation]
 96652 | Hell     | Gained mutation: Your mind is acute. (Int +4, Str/Dex -1)
                  | [potion of mutation]
 96719 | Hell     | Found a gateway to the ashen valley of Gehenna.
 96752 | Hell     | Was forgiven by Nemelex Xobeh
 96849 | Hell     | Found a gateway to the freezing wastes of Cocytus.
 96874 | Hell     | Found a gateway to the Iron City of Dis.
 97118 | Hell     | Found a gateway to the decaying netherworld of Tartarus.
 97264 | Pan      | Entered Pandemonium
 98041 | Pan      | Noticed a seraph
 98043 | Pan      | Identified the +3 tower shield of Cheibriados's Delight
                  | {rElec rPois rF+ Dex+7}
 98051 | Pan      | Killed a seraph
 98060 | Pan      | Found a glowing golden altar of the Shining One.
 98073 | Pan      | Got the Guidebook on Conflagration and the Assassin
 98075 | Pan      | Got a demonic rune of Zot
 98078 | Pan      | Identified the +6 glaive "Arcanum" {drain, rElec rPois rF-
                  | rC++}
 98081 | Pan      | Identified the +5 rapier "Joofide" {vamp, *Rage rN+++
                  | Dex+7}
 98088 | Pan      | Got the Discourse on Ruinous Changing
 98095 | Pan      | Identified the +2 robe of Inviolability {+Inv rC- Stlth+}
 98836 | Pan      | Identified the +2 leather armour "Elatisut" {rC+ Will++
                  | Str+8 Dex-3}
 99405 | Pan      | Reached skill level 1 in Summonings
 99643 | Pan      | Reached skill level 1 in Earth Magic
100180 | Depths:4 | Escaped Pandemonium
100190 | Pan      | Entered Pandemonium
100190 | Pan      | Found a huge runed translucent gate.
100191 | Pan      | Found a huge runed translucent gate.
100329 | Pan      | Reached skill level 5 in Summonings
100368 | Pan      | Found a huge runed translucent gate.
100368 | Pan      | Found a huge runed translucent gate.
100368 | Pan      | Found a huge runed translucent gate.
100368 | Pan      | Found a huge runed translucent gate.
100368 | Pan      | Found a huge runed translucent gate.
100373 | Pan      | Noticed Vigaschye the pandemonium lord
100517 | Pan      | Killed Vigaschye the pandemonium lord
100529 | Depths:4 | Escaped Pandemonium
100542 | Depths:4 | Gained mutation: You are agile. (Dex +4, Str/Int -1)
                  | [hidden potential]
100781 | Elf:1    | Bought the ring of Cheibriados's Grace {rF+ rC+} for 702
                  | gold pieces
100787 | Elf:1    | Learned a level 4 spell: Animate Armour
100793 | Elf:1    | Learned a level 5 spell: Summon Forest
100800 | Elf:1    | Learned a level 6 spell: Dispersal
100806 | Elf:1    | Learned a level 5 spell: Lee's Rapid Deconstruction
101066 | Pan      | Entered Pandemonium
101115 | Pan      | Reached skill level 5 in Earth Magic
101265 | Pan      | Entered the realm of Cerebov.
101428 | Pan      | Found the +6 sword of Cerebov {flame}
101428 | Pan      | Noticed Cerebov
101894 | Pan      | Killed Cerebov
101937 | Pan      | Got a fiery rune of Zot
101987 | Pan      | Got the Folio of Calling and Ozone
102001 | Pan      | Got the Teachings on Battle Magic
102038 | Pan      | Identified the +5 ring mail of Gehenna {Fly rC+++ rN+
                  | Regen+}
102059 | Pan      | Identified the +8 double sword of Olibas {vamp, rC+}
102075 | Pan      | Identified the +8 hand axe of Virieb Uhu {vorpal, rCorr
                  | Dex+4}
102078 | Pan      | Identified the +2 chain mail "Kiwuze" {Dex+3}
102130 | Pan      | Identified the ring "Jaggoo" {rC+ rN++ Dex+4}
102139 | Pan      | Identified the +6 triple crossbow of Soytz {venom, +Blink
                  | Str+6 Int-5}
102475 | Pan      | Found an exit through the horrors of the Abyss.
102685 | Pan      | Reached skill level 10 in Summonings
103061 | Pan      | Noticed Duewka Tyari the pandemonium lord
103065 | Pan      | Killed Duewka Tyari the pandemonium lord
103163 | Pan      | Entered the realm of Gloorx Vloq.
103164 | Pan      | Acquired the ring of Touhobyr {rCorr Slay+4}
103191 | Pan      | Identified the +5 glaive of Tyigoacs {vorpal, rPois rF-
                  | Stlth+}
103462 | Pan      | Noticed Gloorx Vloq
103472 | Pan      | Killed Gloorx Vloq
103473 | Pan      | Reached skill level 10 in Earth Magic
103500 | Pan      | Got a dark rune of Zot
103596 | Pan      | Noticed Mennas
104097 | Pan      | Identified the +8 mace of Mioreygia {venom, +Blink rElec
                  | rN+ rCorr}
104115 | Pan      | Found an exit through the horrors of the Abyss.
104127 | Pan      | Gained mutation: Armour fits poorly on your strangely
                  | shaped body. [a cacodemon]
104129 | Pan      | Lost mutation: You have hidden genetic potential. [potion
                  | of mutation]
104129 | Pan      | Lost mutation: You are agile. (Dex +4, Str/Int -1) [potion
                  | of mutation]
104129 | Pan      | Lost mutation: Armour fits poorly on your strangely shaped
                  | body. [potion of mutation]
104129 | Pan      | Gained mutation: Your magical capacity is low. (-10% MP)
                  | [potion of mutation]
104129 | Pan      | Gained mutation: Your magical capacity is very low. (-20%
                  | MP) [potion of mutation]
104129 | Pan      | Gained mutation: You expend magic power (3 MP) to
                  | strengthen your wands. [potion of mutation]
104130 | Pan      | Lost mutation: Your mind is acute. (Int +4, Str/Dex -1)
                  | [potion of mutation]
104130 | Pan      | Lost mutation: You expend magic power (3 MP) to strengthen
                  | your wands. [potion of mutation]
104130 | Pan      | Gained mutation: You are vulnerable to cold. (rC-) [potion
                  | of mutation]
104130 | Pan      | Gained mutation: You expend magic power (3 MP) to
                  | strengthen your wands. [potion of mutation]
104130 | Pan      | Gained mutation: You are partially covered in iridescent
                  | scales. (AC +2) [potion of mutation]
104131 | Pan      | Lost mutation: Your magical capacity is very low. (-20% MP)
                  | [potion of mutation]
104131 | Pan      | Lost mutation: You expend magic power (3 MP) to strengthen
                  | your wands. [potion of mutation]
104131 | Pan      | Gained mutation: You are occasionally teleported next to
                  | monsters. [potion of mutation]
104131 | Pan      | Gained mutation: Your spells are a little harder to cast,
                  | but a little more powerful. [potion of mutation]
104131 | Pan      | Gained mutation: You have a pair of large horns on your
                  | head. [potion of mutation]
104132 | Pan      | Lost mutation: You are occasionally teleported next to
                  | monsters. [potion of mutation]
104132 | Pan      | Lost mutation: You have a pair of large horns on your head.
                  | [potion of mutation]
104132 | Pan      | Lost mutation: Your spells are a little harder to cast, but
                  | a little more powerful. [potion of mutation]
104132 | Pan      | Gained mutation: You passively map a small area around you.
                  | [potion of mutation]
104132 | Pan      | Gained mutation: You are robust. (+10% HP) [potion of
                  | mutation]
104132 | Pan      | Gained mutation: You expend magic power (3 MP) to
                  | strengthen your wands. [potion of mutation]
104132 | Pan      | Gained mutation: You are strong-willed. (Will+) [potion of
                  | mutation]
104440 | Pan      | Entered the realm of Mnoleg.
104593 | Pan      | Noticed Mnoleg
104600 | Pan      | Killed Mnoleg
104606 | Pan      | Got a glowing rune of Zot
104643 | Pan      | Entered the realm of Lom Lobon.
104643 | Pan      | Found an exit through the horrors of the Abyss.
104659 | Pan      | Lost mutation: You are vulnerable to cold. (rC-) [potion of
                  | mutation]
104659 | Pan      | Lost mutation: Your magical capacity is low. (-10% MP)
                  | [potion of mutation]
104659 | Pan      | Lost mutation: You expend magic power (3 MP) to strengthen
                  | your wands. [potion of mutation]
104659 | Pan      | Gained mutation: You are weak. (Str -2) [potion of
                  | mutation]
104659 | Pan      | Gained mutation: Armour fits poorly on your strangely
                  | shaped body. [potion of mutation]
104660 | Pan      | Lost mutation: You are weak. (Str -2) [potion of mutation]
104660 | Pan      | Lost mutation: Armour fits poorly on your strangely shaped
                  | body. [potion of mutation]
104660 | Pan      | Lost mutation: You are partially covered in iridescent
                  | scales. (AC +2) [potion of mutation]
104660 | Pan      | Gained mutation: You have a somewhat thin skeletal
                  | structure. (Dex +2, Stealth+) [potion of mutation]
104660 | Pan      | Gained mutation: You are clumsy. (Dex -2) [potion of
                  | mutation]
104660 | Pan      | Lost mutation: You have a somewhat thin skeletal structure.
                  | (Dex +2, Stealth+) [potion of mutation]
105126 | Pan      | Noticed Lom Lobon
105155 | Pan      | Killed Lom Lobon
105183 | Pan      | Got a magical rune of Zot
105279 | Pan      | Took an exit into the Abyss.
105279 | Abyss:4  | Escaped into the Abyss
105302 | Depths:2 | Escaped the Abyss
105370 | Geh:1    | Entered Level 1 of Gehenna
105852 | Geh:3    | Noticed a juggernaut
105860 | Geh:3    | Killed a juggernaut
105861 | Geh:3    | Reached skill level 15 in Earth Magic
106683 | Geh:3    | Noticed a juggernaut
106694 | Geh:3    | Killed a juggernaut
107822 | Geh:7    | Entered Level 7 of Gehenna
108247 | Geh:7    | Reached skill level 27 in Fighting
108389 | Geh:7    | Found the +10 zealot's sword {holy, *Rage rN+ EV+3}
108477 | Geh:7    | Found the +7 sceptre of Asmodeus
108477 | Geh:7    | Noticed Asmodeus
108493 | Geh:7    | Killed Asmodeus
108501 | Geh:7    | Got an obsidian rune of Zot
108737 | Coc:1    | Entered Level 1 of Cocytus
109551 | Coc:4    | Noticed a dread lich
109556 | Coc:4    | Killed a dread lich
109557 | Coc:4    | Reached skill level 15 in Dodging
110677 | Coc:7    | Entered Level 7 of Cocytus
110924 | Coc:7    | Reached skill level 1 in Stealth
111006 | Coc:7    | Upgraded the game from 0.30-a0-121-gb27577e5d9 to
                  | 0.30-a0-122-g2a1322497e
111307 | Coc:7    | Reached skill level 5 in Stealth
111348 | Coc:7    | Noticed the Serpent of Hell
111365 | Coc:7    | Killed the Serpent of Hell
111966 | Coc:7    | Noticed Antaeus
112003 | Coc:7    | Killed Antaeus
112040 | Coc:7    | Got an icy rune of Zot
112152 | Coc:7    | Reached skill level 10 in Stealth
112390 | Tar:1    | Entered Level 1 of Tartarus
113194 | Tar:7    | Entered Level 7 of Tartarus
113949 | Tar:7    | Noticed Ereshkigal
113949 | Tar:7    | Paralysed by Ereshkigal for 4 turns
113966 | Tar:7    | Killed Ereshkigal
113994 | Tar:7    | Got a bone rune of Zot
114394 | Tomb:1   | Entered Level 1 of the Tomb of the Ancients
114551 | Tomb:1   | Noticed a royal mummy
114553 | Tomb:1   | Noticed a royal mummy
114554 | Tomb:1   | Noticed Khufu
114559 | Tomb:1   | Killed a royal mummy
114560 | Tomb:1   | Killed a royal mummy
114564 | Tomb:1   | Killed Khufu
115264 | Tomb:1   | Noticed a royal mummy
115269 | Tomb:1   | Killed a royal mummy
115399 | Tomb:1   | Noticed a royal mummy
115404 | Tomb:1   | Killed a royal mummy
115638 | Tomb:2   | Noticed a royal mummy
115642 | Tomb:2   | Noticed a royal mummy
115642 | Tomb:2   | Noticed a royal mummy
115646 | Tomb:2   | Noticed a royal mummy
115656 | Tomb:2   | Killed a royal mummy
115664 | Tomb:2   | Killed a royal mummy
115664 | Tomb:2   | Killed a royal mummy
115665 | Tomb:2   | Killed a royal mummy
115808 | Tomb:2   | Identified the +5 quarterstaff of Dullness {drain, Str+4
                  | Int+7}
116059 | Tomb:1   | Noticed a royal mummy
116059 | Tomb:1   | Noticed a royal mummy
116059 | Tomb:1   | Noticed a royal mummy
116060 | Tomb:1   | Noticed a royal mummy
116064 | Tomb:1   | Noticed a royal mummy
116067 | Tomb:1   | Killed a royal mummy
116068 | Tomb:1   | Killed a royal mummy
116068 | Tomb:1   | Killed a royal mummy
116071 | Tomb:1   | Killed a royal mummy
116075 | Tomb:1   | Killed a royal mummy
116080 | Tomb:1   | Noticed a royal mummy
116087 | Tomb:1   | Killed a royal mummy
116096 | Tomb:1   | Noticed a royal mummy
116100 | Tomb:1   | Killed a royal mummy
116489 | Tomb:1   | Noticed a royal mummy
116491 | Tomb:1   | Noticed a royal mummy
117206 | Zig:1    | Entered Level 1 of a ziggurat
117246 | Zig:2    | Entered Level 2 of a ziggurat
117271 | Zig:3    | Entered Level 3 of a ziggurat
117293 | Zig:4    | Entered Level 4 of a ziggurat
117293 | Zig:4    | Noticed Vaasa the pandemonium lord
117316 | Zig:4    | Killed Vaasa the pandemonium lord
117322 | Zig:4    | Identified the ring of Toehe {Fire Will++ rCorr Int-2 SInv}
117520 | Zig:5    | Entered Level 5 of a ziggurat
117589 | Zig:6    | Entered Level 6 of a ziggurat
117616 | Zig:6    | Identified the +6 war axe "Suid Vuo" {flame, Will+}
117617 | Zig:6    | Identified the ring "Veirhe" {rF+ Will+ rCorr Str-5 Dex+3}
117620 | Zig:6    | Identified the ring of Pyromania {Str+6 Dex+4}
117739 | Zig:7    | Entered Level 7 of a ziggurat
117744 | Zig:7    | Noticed an ancient lich
117747 | Zig:7    | Killed an ancient lich
117789 | Zig:8    | Entered Level 8 of a ziggurat
117814 | Zig:8    | Was placed under penance by the Shining One
117882 | Zig:8    | Identified the ring of Otem {*Corrode rN++ Will+ Str+4}
117887 | Zig:9    | Entered Level 9 of a ziggurat
117895 | Zig:9    | Noticed a dread lich
117906 | Zig:9    | Killed a dread lich
118304 | Zig:10   | Entered Level 10 of a ziggurat
118316 | Zig:10   | Noticed Syoryes the pandemonium lord
118331 | Zig:10   | Killed Syoryes the pandemonium lord
118341 | Zig:10   | Found the macabre finger necklace {rN+}
118407 | Depths:3 | Voluntarily entered the Abyss.
118443 | Depths:3 | Escaped the Abyss
118636 | Depths:3 | Voluntarily entered the Abyss.
118638 | Abyss:4  | Noticed an ancient lich
118643 | Abyss:4  | Killed an ancient lich
118643 | Abyss:4  | Was forgiven by the Shining One
118658 | Depths:3 | Escaped the Abyss
119130 | Tomb:1   | Killed a royal mummy
119230 | Tomb:1   | Noticed a royal mummy
119234 | Tomb:1   | Killed a royal mummy
119243 | Tomb:1   | Killed a royal mummy
119631 | Tomb:1   | Noticed a royal mummy
119634 | Tomb:1   | Noticed a royal mummy
119638 | Tomb:1   | Killed a royal mummy
119653 | Tomb:1   | Killed a royal mummy
120409 | Tomb:3   | Entered Level 3 of the Tomb of the Ancients
120423 | Tomb:3   | Noticed a royal mummy
120423 | Tomb:3   | Noticed a royal mummy
120425 | Tomb:3   | Noticed a royal mummy
120427 | Tomb:3   | Noticed a royal mummy
120427 | Tomb:3   | Noticed a royal mummy
120427 | Tomb:3   | Noticed a royal mummy
120428 | Tomb:3   | Noticed a royal mummy
120429 | Tomb:3   | Got a golden rune of Zot
120430 | Tomb:3   | Slain by a death scarab

Illustrated notes

Levels and vault maps discovered:
D:1:      ncdulo_watergridlock, layout_rooms, minmay_cupped
D:2:      layout_rooms
D:3:      layout_loops_ring, cheibrodos_sewer_entry_bend
D:4:      layout_cave_pods, nemelex_spade_bored_becter
D:5:      layout_loops_ring, fedhas_altar_1, minmay_temple_entry_proselytizer,
          st_stairs_12
D:6:      kennysheep_kobold_camp, layout_cave_pools, cheibriados_altar_1,
          lightli_ossuary_entry_decrepit_ruins, uniq_grinder,
          uniq_blork_the_orc, uniq_maggie
D:7:      layout_loops_ring
D:8:      layout_rooms, mainiacjoe_overflow_surrounded_room,
          nicolae_kikubaaqudgha_miasma_corner
D:9:      layout_stronghold, enter_bailey_4, the_hattery
D:10:     layout_loops_cross, lair_entry_dummy, minivault_13, uniq_lodul,
          uniq_snorg
D:11:     layout_cave_pods, nicolae_ru_great_annihilating_truth
D:12:     layout_small_grid, erik_orc_3, uniq_maurice
D:13:     layout_basic, david_vaults_3
D:14:     layout_rooms, minmay_tree_intersection
D:15:     grunt_enter_depths_snipers, layout_cross,
          gammafunk_ghost_wrathful_warriors, patterned_corridor, uniq_agnes,
          uniq_jorgrun, uniq_louise, uniq_kirke
Temple:   nicolae_temple_bog_church
Lair:1:   layout_loops_ring
Lair:2:   layout_misc_corridors, hellmonk_spider_entry_not_the_bees,
          serial_bayou, serial_bayou_crossing, serial_bayou_lagoon_a,
          serial_bayou_pond_c, serial_bayou_lagoon_b, lemuel_fruit_tree
Lair:3:   layout_gridlike, elwin_shoals_entry_rooms, infiniplex_staircase_pool_2
Lair:4:   layout_cellular_growth, slime_entry_1, kennysheep_snail_temple,
          uniq_nessos
Lair:5:   evilmike_catoblepas_cave, layout_misc_corridors
Shoals:1: dreamdust_from_the_deep, layout_shoals,
          portal_ice_cave_entry_ice_statue_two
Shoals:2: layout_shoals, uniq_donald
Shoals:3: layout_shoals, nicolae_shoals_water_elemental_grotto
Shoals:4: shoals_end_grunt_ice, layout_shoals, nicolae_shoals_secluded_bog,
          uniq_polyphemus
Spider:1: layout_spider_delve, lemuel_hornet_nest
Spider:2: layout_cave_pods, nicolae_spider_moth_buddies, uniq_mlioglotl,
          uniq_arachne
Spider:3: layout_spider_delve, hangedman_stitches_earthworm
Spider:4: grunt_spider_rune_parallel, uniq_bai_suzhen, uniq_mara
Slime:1:  layout_caves
Slime:2:  layout_caves
Slime:3:  layout_caves, basic_altar
Slime:4:  layout_caves
Slime:5
Orc:1:    minmay_goldmine, layout_caves, basic_altar
Orc:2:    st_orc_pillars, layout_caves, basic_altar
Elf:1:    layout_loops_corners, serial_shops, nicolae_shop_statue_plus,
          nicolae_shop_statue_plus, nicolae_shop_overgrown_old_shop,
          minmay_elf_sorcery, uniq_roxanne
Elf:2:    elven_hall_of_blades_hangedman_original
          [nicolae_blade_entry_antechamber], layout_gridlike,
          minmay_elf_necromancy
Elf:3:    elf_hall, layout_gridlike, minivault_4, guppyfry_elf_castle
Vaults:1: hangedman_vaults_slice, v_misc_26, nicolae_vaults_angled_halls,
          vaults_mumra_hexcomb, dpeg_vaults_monster_row, st_lines,
          dpeg_vaults_monster_box, nicolae_vaults_what_the_h,
          nicolae_vaults_little_squares_1, v_misc_17,
          nicolae_vaults_specimen_jars, ontoclasm_vaults_misaligned,
          layout_vaults_omnibox
Vaults:2: minmay_crypt_entry_simple_corners, nicolae_vaults_network_quincunx
          [nicolae_vaults_network_quincunx_subvault,
          nicolae_vaults_network_quincunx_subvault,
          nicolae_vaults_network_quincunx_subvault,
          nicolae_vaults_network_quincunx_subvault,
          nicolae_vaults_network_quincunx_subvault],
          ontoclasm_vaults_loading_screen, vaults_standard_mumra_lines,
          vaults_room_large_hall, v_pattern_5, hangedman_vaults_restitches,
          v_misc_4, vaults_dpeg_ring, layout_vaults_big_cross
Vaults:3: hangedman_vaults_stagger, grunt_vaults_funnel,
          vaults_standard_mumra_x, v_misc_17, v_pattern_1, st_greater_box_4,
          vaults_standard_mumra_enter_the_diamond, hangedman_vaults_corner,
          layout_vaults_maze_snakey, serial_shops, bzr_entry_islet, shop,
          nicolae_shop_bloodbath_and_beyond
Vaults:4: vaults_room_fours, v_misc_5, hangedman_vaults_cutoff,
          grunt_vaults_bifocal, vaults_room_glass_cross,
          ontoclasm_vaults_gateway, nicolae_vaults_rhombus_6,
          ontoclasm_vaults_eye, ontoclasm_vaults_fault,
          ontoclasm_vaults_ring_square, layout_vaults_omnigrid
Vaults:5: serial_shops
Crypt:1:  layout_gridlike, grunt_crypt_arrival_webbed, lemuel_upstairs_altar,
          grunt_megastairs_1
Crypt:2:  layout_catacombs, grunt_megastairs_2
Crypt:3:  lightli_unholy_cathedral, layout_chaotic_city,
          tomb_entry_moat_badplayer, hangedman_summoners_spam, uniq_margery
Tomb:1:   uniq_khufu
Tomb:2
Tomb:3
Depths:1: layout_gridlike, abyss_entry, hell_entry,
          muffindrake_ghost_dual_entry, nrook_pool_corridor, minivault_16,
          minmay_misc_feat_chi
Depths:2: minmay_expanding_squares, layout_gridlike, hell_entry,
          kennysheep_boxes, rand_demon_pan_entry_8,
          nicolae_trove_entry_free_sample, minmay_misc_feat_iff
Depths:3: minmay_stepped, layout_basic, enter_ziggurat_e,
          hangedman_tar_grid_catacomb, serial_bayou_pond_b, abyss_entry,
          minmay_shop_grove, minmay_staircase_statues_hall_small, uniq_sojobo,
          uniq_vv, uniq_josephina
Depths:4: grunt_zot_entry_funnels, layout_honeycomb, rand_demon_pan_entry_1,
          vehumet_crystals, grunt_hell_entry_dis_grunt
Hell
Geh:1:    layout_gehenna_pools_triple, nicolae_geh_single_fiery_grave
Geh:2:    layout_gehenna_lava_caves, nicolae_geh_lavax
Geh:3:    nicolae_hells_titanomachy
Geh:4:    layout_gehenna_lava_caves
Geh:5:    layout_gehenna_lava_caves
Geh:6:    nicolae_geh_tyrants_menagerie, layout_gehenna_pools_triple
Geh:7:    geh_old
Coc:1:    layout_cocytus_water_paths
Coc:2:    layout_cocytus_water_paths, serial_ice
Coc:3:    layout_ice_bergs
Coc:4:    layout_ice_bergs
Coc:5:    layout_cocytus_water_paths
Coc:6:    layout_ice_bergs
Coc:7:    coc_mu
Tar:1:    layout_catacombs, nicolae_tar_cuneiform_heaven
Tar:2:    layout_cathedral_of_symmetry
Tar:3:    layout_grid_maze
Tar:4:    layout_grid_maze
Tar:5:    layout_honeycomb, nicolae_tar_cuneiform_bread,
          nicolae_tar_cuneiform_not
Tar:6:    layout_honeycomb
Tar:7:    tar_old
Zot:1:    nicolae_zot_draconian_monastery, layout_misc_corridors, st_stairs_12
Zot:2:    layout_cellular_growth
Zot:3:    grunt_twist_and_shout, layout_onion
Zot:4:    layout_twisted_circle

Skill      XL: |  1  2  3  4  5  6  7  8  9 10 11 12 13 14 15 16 17 18 19 20 21 22 23 24 25 26 27 |
---------------+----------------------------------------------------------------------------------+-----
Axes           | 3 4 5 6 8 |  8.1
Fighting       | 5 7 8 12 13 17 18 27 | 27.0
Invocations    | 4 6 12 15 17 18 20 21 24 | 24.3
Throwing       | 4 6 7 8 9 12 14 16 17 | 17.3
Armour         | 5 8 11 18 20 22 24 27 | 27.0
Shields        | 5 8 11 16 | 16.3
Polearms       | 10 12 15 22 26 | 26.6
Evocations     | 4 5 6 13 | 13.6
Dodging        | 6 10 20 | 20.0
Spellcasting   | 2 3 4 6 9 |  9.0
Translocations | 5 10 12 13 14 | 14.0
Summonings     | 11 | 11.2
Earth Magic    | 19 | 19.8
Stealth        | 12 | 12.2

Action                   |  1- 3 |  4- 6 |  7- 9 | 10-12 | 13-15 | 16-18 | 19-21 | 22-24 | 25-27 || total
-------------------------+-------+-------+-------+-------+-------+-------+-------+-------+-------++-------
Melee: War axe           |    81 |   124 |   149 |       |       |       |       |       |       ||   354
       Headbutt          |     6 |    23 |    45 |    84 |   371 |   300 |   508 |   511 |   779 ||  2627
       Whip              |       |    12 |       |       |       |       |       |       |       ||    12
       Lance             |       |       |   128 |   462 |  1654 |  2158 |  2370 |  2088 |  2195 || 11055
       Bardiche          |       |       |       |       |       |       |       |       |  3674 ||  3674
       Punch             |       |       |       |       |       |       |       |       |     4 ||     4
Throw: Dart              |       |       |    11 |     3 |       |    10 |       |     1 |     4 ||    29
       Boomerang         |       |       |       |       |    24 |   119 |    22 |   158 |    15 ||   338
       Javelin           |       |       |       |       |       |     3 |       |    59 |    12 ||    74
       Throwing net      |       |       |       |       |       |       |     1 |     2 |       ||     3
 Cast: Manifold Assault  |       |       |       |       |    53 |   455 |   240 |   145 |  1699 ||  2592
       Blink             |       |       |       |       |       |     1 |       |     2 |     3 ||     6
       Gell's Gravitas   |       |       |       |       |       |     1 |       |       |     1 ||     2
       Animate Armour    |       |       |       |       |       |       |       |       |     4 ||     4
       Lesser Beckoning  |       |       |       |       |       |       |       |       |     2 ||     2
       Apportation       |       |       |       |       |       |       |       |       |     1 ||     1
       Summon Forest     |       |       |       |       |       |       |       |       |     1 ||     1
Invok: Draw Destruction  |       |       |       |     6 |       |    16 |     8 |    17 |       ||    47
       Draw Summoning    |       |       |       |     2 |     2 |     8 |    12 |     3 |       ||    27
       Deal Four         |       |       |       |       |     4 |     4 |     7 |     3 |       ||    18
       Draw Escape       |       |       |       |       |     3 |     5 |     5 |       |       ||    13
       Cleansing Flame   |       |       |       |       |       |       |       |       |     9 ||     9
       Summon Divine War |       |       |       |       |       |       |       |       |    29 ||    29
       Divine Shield     |       |       |       |       |       |       |       |       |     4 ||     4
       Brand Weapon With |       |       |       |       |       |       |       |       |     1 ||     1
Evoke: Wand              |       |       |    17 |     2 |     4 |     5 |    10 |     5 |    24 ||    67
       Phantom mirror    |       |       |       |       |     1 |     1 |     5 |     4 |     5 ||    16
       Lightning rod     |       |       |       |       |       |     1 |     4 |     2 |       ||     7
       Box of beasts     |       |       |       |       |       |     1 |     2 |     4 |       ||     7
       Condenser vane    |       |       |       |       |       |       |     7 |     9 |       ||    16
       Tin of tremorston |       |       |       |       |       |       |     2 |     9 |     7 ||    18
       Phial of floods   |       |       |       |       |       |       |       |     1 |     1 ||     2
  Use: Scroll            |     6 |     1 |     8 |     3 |    21 |     2 |     1 |     9 |    39 ||    90
       Potion            |       |     2 |     4 |     5 |       |     2 |     1 |     9 |    48 ||    71
 Stab: Distracted        |       |       |     1 |       |       |     2 |     3 |     4 |       ||    10
       Paralysed         |       |       |       |       |     6 |       |       |     1 |       ||     7
       Petrified         |       |       |       |       |       |     3 |     3 |    13 |       ||    19
       Sleeping          |       |       |       |       |       |       |     3 |       |       ||     3
       Invisible         |       |       |       |       |       |       |     1 |     5 |       ||     6
       Petrifying        |       |       |       |       |       |       |       |     2 |       ||     2
Armor: Scale mail        |    31 |       |       |       |       |       |       |       |       ||    31
       Ring mail         |    18 |    47 |    67 |    18 |       |       |       |       |       ||   150
       Plate armour      |       |       |       |   117 |   363 |       |       |       |       ||   480
       Troll leather arm |       |       |       |       |   100 |   467 |   162 |       |       ||   729
       Crystal plate arm |       |       |       |       |       |       |   357 |   840 |       ||  1197
       Gold dragon scale |       |       |       |       |       |       |       |    21 |  1664 ||  1685
       Skin              |       |       |       |       |       |       |       |       |   146 ||   146
Dodge: Dodged            |    50 |    61 |    81 |    90 |   307 |   496 |   362 |   309 |   972 ||  2728
Block: Buckler           |    20 |    27 |    34 |    87 |   383 |   395 |   203 |       |       ||  1149
       Kite shield       |       |       |       |       |       |       |   337 |   651 |   373 ||  1361
       Tower shield      |       |       |       |       |       |       |       |       |    75 ||    75

Table legend: (Time is in decaauts)
 A = Elapsed time spent in this place.
 B = Non-inter-level travel time spent in this place.
 C = Inter-level travel time spent in this place.
 D = Time resting spent in this place.
 E = Time spent auto-exploring this place.
 F = Levels seen in this place.
 G = Mean time per level.
                   A        B        C        D        E       F      G
               +--------+--------+--------+--------+--------+-----+--------+
         Total | 115808 | 105530 |  10278 |  30335 |  50364 | 114 | 1015.9 |
       Dungeon |  19111 |  16103 |   3008 |   2084 |  11095 |  15 | 1274.1 |
        Temple |    247 |    196 |     51 |      0 |    179 |   1 |  247.0 |
          Lair |   7390 |   6416 |    974 |    839 |   4574 |   5 | 1478.0 |
        Shoals |   7124 |   6933 |    191 |    919 |   4906 |   4 | 1781.0 |
   Spider Nest |  10638 |   9980 |    658 |   3400 |   5130 |   4 | 2659.5 |
    Slime Pits |   3179 |   3035 |    144 |    960 |   1023 |   5 |  635.8 |
  Orcish Mines |   2367 |   1518 |    849 |     46 |   1212 |   2 | 1183.5 |
   Elven Halls |   4679 |   4366 |    313 |    762 |   2765 |   3 | 1559.7 |
        Vaults |  13553 |  12152 |   1401 |   2995 |   6598 |   5 | 2710.6 |
         Crypt |   5460 |   4977 |    483 |   1374 |   2469 |   3 | 1820.0 |
          Tomb |   4095 |   3712 |    383 |   2001 |    766 |   3 | 1365.0 |
        Depths |  12413 |  11502 |    911 |   4800 |   4833 |   4 | 3103.2 |
          Hell |    832 |    656 |    176 |      6 |    470 |   1 |  832.0 |
       Gehenna |   3195 |   3122 |     73 |   1479 |    212 |   7 |  456.4 |
       Cocytus |   3457 |   3096 |    361 |   1639 |    231 |   7 |  493.9 |
      Tartarus |   1677 |   1677 |      0 |    794 |     10 |   7 |  239.6 |
           Zot |   5334 |   5038 |    296 |   1620 |   2449 |   4 | 1333.5 |
         Abyss |    314 |    314 |      0 |      0 |      0 |   6 |   52.3 |
   Pandemonium |   6974 |   6974 |      0 |   3002 |    631 |  12 |  581.2 |
      Ziggurat |   1100 |   1100 |      0 |    722 |      0 |  10 |  110.0 |
        Bazaar |    153 |    153 |      0 |      0 |    132 |   1 |  153.0 |
         Trove |    100 |    100 |      0 |      0 |     49 |   1 |  100.0 |
         Sewer |    366 |    366 |      0 |     51 |    233 |   1 |  366.0 |
       Ossuary |    394 |    394 |      0 |    127 |    142 |   1 |  394.0 |
        Bailey |    316 |    316 |      0 |      0 |     34 |   1 |  316.0 |
      Ice Cave |   1327 |   1327 |      0 |    709 |    218 |   1 | 1327.0 |
               +--------+--------+--------+--------+--------+-----+--------+

Top non-repeatable levels by time:
Vaults:3: 4212 daAuts
Spider:3: 3853 daAuts
Depths:4: 3663 daAuts
Depths:1: 3624 daAuts
  Tomb:1: 3463 daAuts
Depths:3: 3065 daAuts
Vaults:2: 2992 daAuts
Spider:2: 2674 daAuts
Vaults:5: 2628 daAuts
Shoals:4: 2338 daAuts
Shoals:1: 2329 daAuts
    D:15: 2306 daAuts
 Crypt:3: 2257 daAuts
Spider:1: 2223 daAuts
 Crypt:1: 2089 daAuts
